 Dungeon Crawl Stone Soup version 0.27.0-1-g7a089689b8 (webtiles) character file.

Game seed: 5355563473803500188

56 RascalDebosk the Shield-Bearer (level 3, -1/33 HPs)
             Began as a Draconian Fighter on Aug 9, 2021.
             Slain by a gnoll (2 damage)
             ... on level 2 of the Dungeon.
             The game lasted 00:09:56 (1534 turns).

RascalDebosk the Shield-Bearer (Draconian Fighter)  Turns: 1534, Time: 00:09:56

Health: -1/33      AC:  5    Str: 19    XL:     3   Next: 69%
Magic:  3/3        EV:  5    Int:  8    God:
Gold:   46         SH:  0    Dex: 10    Spells: 2/2 levels left

rFire    . . .     SeeInvis .   a - +0 war axe
rCold    . . .     Faith    .   b - +0 kite shield
rNeg     . . .     Spirit   .   (armour unavailable)
rPois    .         Reflect  .   (helmet restricted)
rElec    .         Harm     .   (no cloak)
rCorr    .         Rampage  .   (no gloves)
Will     .....                  (no boots)
Stlth    +.........             (no amulet)
HPRegen  0.11/turn              (no ring)
MPRegen  0.08/turn              (no ring)

@: held
A: AC +5, unfitting armour, cold-blooded
a: no special abilities


You were on level 2 of the Dungeon.
You visited 1 branch of the dungeon, and saw 2 of its levels.

You collected 46 gold pieces.

Inventory:

Hand Weapons
 a - a +0 war axe (weapon)
 d - a +0 dagger
 j - a +2 dagger of electrocution
Missiles
 g - 10 stones (quivered)
 h - 3 poisoned darts
Armour
 b - a +0 kite shield (worn)
Scrolls
 f - a scroll of noise {unknown}
 i - a scroll of fog {unknown}
 k - a scroll of summoning {unknown}
Potions
 c - a potion of might
 e - a potion of curing {unknown}


   Skills:
 + Level 3.6 Fighting
 + Level 2.4 Axes
 + Level 3.0 Dodging
 + Level 1.1 Stealth
 * Level 3.6 Shields


You had 2 spell levels left.
You didn't know any spells.
Your spell library was empty.

Dungeon Overview and Level Annotations

Branches:
Dungeon (2/15)

Altars:


Innate Abilities, Weirdness & Mutations

Your plain brown scales are hard. (AC +5)
You cannot fit into any form of body armour.
You are cold-blooded and may be slowed by cold attacks.


Message History

You are poisoned.
You hit the gnoll.
The gnoll is lightly wounded.
You feel sick. The gnoll barely misses you.
You closely miss the gnoll. You tail-slap the gnoll.
The gnoll is heavily wounded.
You feel sick.
The gnoll hits you with a +0 spear of venom.
You are more poisoned.
You block the gnoll's attack.
You slash the gnoll!
You kill the gnoll!
You feel very sick.
A goblin comes into view. It is wielding a +0 dagger.
You feel sick.
Found a helmet.
You see here a +0 spear of venom.
You feel sick.
The goblin shouts!
You hear a shout! x2
A gnoll comes into view. It is wielding a +1 vampiric halberd.
A hobgoblin comes into view.
The gnoll shouts!
You slash the goblin!
You kill the goblin!
You feel sick.
You feel sick.
You see here a +0 dagger.
You feel sick.
You feel sick.
You are no longer poisoned.
The gnoll throws a throwing net.
The throwing net hits you.
You become entangled in the net!
The hobgoblin hits you.
You see here a throwing net.
You struggle against the net.
The gnoll hits you from afar with a +1 vampiric halberd!
* * * LOW HITPOINT WARNING * * *
The hobgoblin hits you but does no damage.
You tear a large gash into the net.
The gnoll barely misses you. The gnoll hits you with a +0 whip.
You die...

#.####...###........
...........<......# ...
#.#######(#...#.#.# ...
#.#####........)#.#...
...##.)##..#).....#.###
#.##.###.#..#.........#
#.#####.#.#...)........
..## ##.....#..#.#...
...# ###....gg@.# ...#
.[.#....g....... ...#
##.#...#.#.#.#.## ####
#.#..#...... .. ...#
.#.........## ..# ...#
........... .. ####
####.#..### . <..#
..... ...#


You could see 2 gnolls and a hobgoblin.

Vanquished Creatures
  A gnoll (D:2)
  A dart slug (D:1)
  3 ball pythons
  A bat (D:1)
  3 endoplasms (D:1)
  3 giant cockroaches (D:1)
  4 goblins
  5 hobgoblins
  4 jackals (D:1)
  7 kobolds
  2 quokkas (D:1)
  A frilled lizard (D:2)
  3 rats (D:1)
38 creatures vanquished.

Notes
Turn   | Place    | Note
-------+----------+-------------------------------------------
     0 | D:1      | RascalDebosk the Draconian Fighter began the quest for the
                  | Orb.
     0 | D:1      | Reached XP level 1. HP: 19/19 MP: 1/1
   191 | D:1      | Reached XP level 2. HP: 26/26 MP: 2/2
   602 | D:1      | Reached XP level 3. HP: 31/31 MP: 3/3
   675 | D:1      | Found a faded altar of an unknown god.
   701 | D:1      | Reached skill level 1 in Stealth
  1533 | D:2      | HP: 1/33 [gnoll (12)]
  1534 | D:2      | Slain by a gnoll

Illustrated notes

Levels and vault maps discovered:
D:1:      dpeg_arrival_connections, layout_basic,
          chequers_ecumenical_altar_grove
D:2:      layout_basic, kennysheep_pointless_box, minmay_increasing_density,
          uniq_terence

Skill      XL: |  1  2  3 |
---------------+----------+-----
Stealth        | 1 |  1.1
Dodging        | 3 |  3.0
Fighting       | |  3.6
Axes           | |  2.4
Shields        | |  3.6

Action                   || total
-------------------------++-------
Melee: War axe           ||    87
       Tailslap          ||     7
 Stab: Sleeping          ||     2
Armor: Skin              ||    24
Dodge: Dodged            ||    45
Block: Kite shield       ||    41
